 Dungeon Sprint DCSS version 0.21-a0-364-gbd1fde4 (webtiles) character file.

2629 Kidiri the Basher (level 9, 0/97 HPs)
             Began as a Troll Hunter on Oct 14, 2017.
             Was an Elder of Trog.
             Slain by a spiny frog (11 damage)
             ... in the Dungeon (Sprint IX: "|||||||||||||||||||||||||||||").
             The game lasted 00:06:59 (956 turns).

Kidiri the Basher (Troll Hunter)                     Turns: 956, Time: 00:07:00

Health: 0/97       AC:  5    Str: 24    XL:     9   Next: 35%
Magic:  8/8        EV: 16    Int: 10    God:    Trog [****..]
Gold:   0          SH:  0    Dex: 11    Spells: 8/8 levels left

rFire    . . .     SeeInvis .   n - +0 giant spiked club
rCold    . . .     Gourm    +   (shield currently unavailable)
rNeg     . . .     Faith    .   b - +0 robe
rPois    .         Spirit   .   (helmet restricted)
rElec    .         Reflect  .   (no cloak)
rCorr    .         Harm     .   (gloves unavailable)
MR       .....     NoTele   +   (boots unavailable)
Stlth    +.........             (no amulet)
HPRegen  0.66/turn              z - +3 ring of intelligence
MPRegen  0.11/turn              A - +2 ring of evasion

@: lethally poisoned (0 -> -14), berserk cooldown, slowed, very slow
A: unfitting armour, claws 3, fast metabolism 3, gourmand, regeneration 1,
shaggy fur 1, tough skin 2
a: Berserk, Trog's Hand, Brothers in Arms, Burn Spellbooks, Renounce Religion


You were in the Dungeon.
You worshipped Trog.
Trog was greatly pleased with you.
You were full.

You visited 1 branch

Inventory:

Hand Weapons
 n - a +0 giant spiked club (weapon)
Missiles
 c - 4 large rocks (quivered)
Armour
 b - a +0 robe (worn)
Jewellery
 z - a +3 ring of intelligence (left claw)
 A - a +2 ring of evasion (right claw)
Wands
 o - a wand of lightning (7/15)
Scrolls
 k - a scroll of blinking
 m - 4 scrolls of remove curse
 q - 2 scrolls of fog
 r - 2 scrolls of enchant armour
 s - a scroll of fear
Potions
 a - a potion of resistance
 e - 6 potions of curing
 g - 5 potions of heal wounds
 h - 3 potions of haste
 i - 4 potions of magic
 j - 2 potions of berserk rage
 l - a potion of invisibility
Comestibles
 f - 2 bread rations


   Skills:
 * Level 8.9 Fighting
 * Level 9.3 Maces & Flails
 + Level 7.7 Throwing
 * Level 8.7 Armour
 * Level 8.9 Dodging
 - Level 0.3 Stealth


You had 8 spell levels left.
You didn't know any spells.

Dungeon Overview and Level Annotations

Branches:
Dungeon (1/1)

Altars:
Cheibriados
Dithmenos
Elyvilon
Fedhas
Gozag
Hepliaklqana
Kikubaaqudgha
Makhleb
Nemelex Xobeh
Okawaru
Qazlal
Ru
Sif Muna
Trog
Uskayaw
Vehumet
Wu Jian
Xom
Yredelemnul
Zin
The Shining One
Beogh
Jiyva
Lugonu


Innate Abilities, Weirdness & Mutations

You are too large for most types of armour.
You have claws for hands.
Your metabolism is lightning-fast.
You like to eat raw meat.
Your natural rate of healing is unusually fast.
You are covered in fur. (AC +1)
You have very tough skin. (AC +2)


Message History

The spiny frog stings your two-headed ogre!
Your two-headed ogre dies!
Your two-headed ogre's corpse disappears in a puff of smoke!
Unknown command.
You feel sick. The spiny frog misses you.
Unknown command.
You bludgeon the spiny frog!!
The spiny frog is severely wounded.
You feel sick. The spiny frog stings you.
* * * LOW HITPOINT WARNING * * *
The spiny frog stings you!!
* * * LOW HITPOINT WARNING * * *
You are lethally poisoned!
The spiny frog poisons you!
You feel much better.
You feel very sick. The spiny frog stings you!
* * * LOW HITPOINT WARNING * * *
The spiny frog stings you!
You die...

▓▓▓▓▓▓▓▓▓▓▓▓▓▓▓▓▓▓▓▓▓▓▓▓▓▓▓▓▓▓▓▓▓
___________________'.....'.....'.
▓▓▓▓▓▓▓▓▓▓▓▓▓▓▓▓▓▓▓▓▓▓▓▓▓▓▓▓▓▓▓▓▓
.................................
▓▓▓▓▓▓▓▓▓▓▓▓▓▓▓▓▓▓▓▓▓▓▓▓▓▓▓▓▓▓▓▓▓
.....(†F@...........'....
▓▓▓▓▓▓▓▓▓▓▓▓▓▓▓▓▓▓▓▓▓▓▓▓▓


You could see a spiny frog.

Vanquished Creatures
  A two-headed ogre (D)
  2 spiny frogs (D)
  A meliai (D)
  A dream sheep (shapeshifter) (D)
  A yak (D)
  A basilisk (D)
  A water moccasin (D)
  An orc warrior (D)
  A black bear (D)
  A centaur (D)
  2 crimson imps (D)
  A hound (D)
  An orc wizard (D)
  An adder skeleton (D)
  2 worms (D)
  A leopard gecko (D)
  2 orcs (D)
  A bat (D)
  A giant cockroach (D)
  A goblin (D)
  A kobold (D)
  A quokka (D)
  A rat (D)
27 creatures vanquished.

Vanquished Creatures (collateral kills)
  A spiny frog (D)
  A yak (D)
  A water moccasin (D)
3 creatures vanquished.

Grand Total: 30 creatures vanquished

Notes
Turn   | Place    | Note
-------+----------+-------------------------------------------
     0 | D        | Kidiri the Troll Hunter began the quest for the Orb.
     0 | D        | Reached XP level 1. HP: 19/19 MP: 0/0
    11 | D        | Reached skill level 1 in Armour
    41 | D        | Noticed a hound
    48 | D        | Killed a hound
    48 | D        | Reached skill level 1 in Maces & Flails
    48 | D        | Reached XP level 2. HP: 22/29 MP: 1/1
    48 | D        | Reached XP level 3. HP: 27/36 MP: 2/2
    53 | D        | Reached skill level 2 in Maces & Flails
    78 | D        | Found a roughly hewn altar of Beogh.
    78 | D        | Found a snail-covered altar of Cheibriados.
    78 | D        | Found a shadowy altar of Dithmenos.
    78 | D        | Found a white marble altar of Elyvilon.
    78 | D        | Found a blossoming altar of Fedhas.
    78 | D        | Found an opulent altar of Gozag.
    79 | D        | Found a hazy altar of Hepliaklqana.
    80 | D        | Found a viscous altar of Jiyva.
    81 | D        | Found an ancient bone altar of Kikubaaqudgha.
    82 | D        | Found a corrupted altar of Lugonu.
    83 | D        | Found a burning altar of Makhleb.
    84 | D        | Found a sparkling altar of Nemelex Xobeh.
    85 | D        | Found an iron altar of Okawaru.
    86 | D        | Found a stormy altar of Qazlal.
   141 | D        | Found a sacrificial altar of Ru.
   142 | D        | Found a deep blue altar of Sif Muna.
   143 | D        | Found a bloodstained altar of Trog.
   144 | D        | Found a hide-covered altar of Uskayaw.
   145 | D        | Found a radiant altar of Vehumet.
   146 | D        | Found an ornate altar of the Wu Jian Council.
   147 | D        | Found a shimmering altar of Xom.
   148 | D        | Found a basalt altar of Yredelemnul.
   149 | D        | Found a glowing silver altar of Zin.
   150 | D        | Found a glowing golden altar of the Shining One.
   151 | D        | Became a worshipper of Trog the Wrathful
   294 | D        | Noticed a centaur
   300 | D        | Reached XP level 4. HP: 45/45 MP: 3/3
   301 | D        | Reached * piety under Trog
   301 | D        | Reached skill level 3 in Maces & Flails
   308 | D        | Killed a centaur
   308 | D        | Reached skill level 4 in Maces & Flails
   308 | D        | Reached skill level 5 in Throwing
   308 | D        | Reached XP level 5. HP: 26/55 MP: 4/4
   310 | D        | Reached ** piety under Trog
   451 | D        | Noticed a basilisk
   451 | D        | Noticed a meliai
   451 | D        | Noticed a two-headed ogre
   451 | D        | Noticed a meliai
   451 | D        | Noticed an orc warrior
   452 | D        | Noticed a spriggan
   452 | D        | a meliai changed into a spriggan
   457 | D        | Killed an orc warrior
   457 | D        | Reached skill level 5 in Fighting
   457 | D        | Reached skill level 5 in Maces & Flails
   457 | D        | Reached skill level 5 in Armour
   457 | D        | Reached skill level 5 in Dodging
   457 | D        | Reached XP level 6. HP: 65/66 MP: 5/5
   462 | D        | Killed a meliai
   462 | D        | Reached skill level 6 in Maces & Flails
   462 | D        | Reached XP level 7. HP: 50/75 MP: 6/6
   468 | D        | Noticed a black mamba
   469 | D        | Noticed a human
   469 | D        | a black mamba changed into a human
   470 | D        | Noticed an elephant
   470 | D        | a human changed into an elephant
   475 | D        | Noticed a salamander
   475 | D        | an elephant changed into a salamander
   482 | D        | Noticed a black mamba
   482 | D        | a salamander changed into a black mamba
   484 | D        | Noticed a fire crab
   484 | D        | a black mamba changed into a fire crab
   500 | D        | Noticed a guardian serpent
   505 | D        | Noticed a dream sheep
   505 | D        | a guardian serpent changed into a dream sheep
   509 | D        | Killed a two-headed ogre
   509 | D        | Reached skill level 7 in Maces & Flails
   509 | D        | Reached XP level 8. HP: 65/87 MP: 7/7
   511 | D        | Killed a dream sheep
   511 | D        | Reached *** piety under Trog
   525 | D        | Reached skill level 8 in Maces & Flails
   924 | D        | Noticed a spiny frog
   924 | D        | Noticed a spiny frog
   931 | D        | Killed a spiny frog
   933 | D        | Killed a spiny frog
   933 | D        | Received a gift from Trog
   933 | D        | Reached XP level 9. HP: 73/97 MP: 8/8
   935 | D        | Noticed a spiny frog
   937 | D        | Noticed a spiny frog
   937 | D        | Reached **** piety under Trog
   943 | D        | Reached skill level 9 in Maces & Flails
   952 | D        | Killed a spiny frog
   955 | D        | HP: 2/97 [spiny frog (22)]
   956 | D        | Slain by a spiny frog

Vault maps used:
D:        linesprint

Skill      XL: |  1  2  3  4  5  6  7  8  9 |
---------------+----------------------------+-----
Fighting       | 2 3 4 5 6 7 8 |  8.9
Armour         | 2 4 5 7 8 |  8.7
Dodging        | 3 4 5 6 7 8 |  8.9
Maces & Flails | 1 2 4 5 6 7 8 9 |  9.3
Throwing       | 4 5 6 7 |  7.7
Stealth        | |  0.3

Action                   |  1- 3 |  4- 6 |  7- 9 || total
-------------------------+-------+-------+-------++-------
Melee: Unarmed           |    32 |     7 |       ||    39
       Morningstar       |       |    17 |    17 ||    34
       Giant spiked club |       |       |    19 ||    19
Throw: Large rock        |     2 |       |     5 ||     7
       Throwing net      |     2 |       |     2 ||     4
Invok: Berserk           |       |     1 |     2 ||     3
       Trog's Hand       |       |     1 |     2 ||     3
       Brothers in Arms  |       |       |     1 ||     1
  Use: Scroll            |       |       |     1 ||     1
       Potion            |       |       |     2 ||     2
 Stab: Held in net/web   |     1 |       |       ||     1
  Eat: Chunk             |     8 |     2 |     5 ||    15
Armor: Robe              |    10 |     3 |     3 ||    16
Dodge: Dodged            |     8 |    18 |    30 ||    56

Table legend:
 A = Spawn XP
 B = Non-spawn XP
 C = Spawn XP percentage of total XP
 D = Spawn monster count
 E = Non-spawn monster count
 F = Spawn count percentage of total count
 G = Total turns spent on level
                    A         B        C        D         E        F      G
               +---------+---------+-------+---------+---------+-------+---------
         Total |       0 |    3756 |   0.0 |       0 |      30 |   0.0 |   956
               +---------+---------+-------+---------+---------+-------+---------
             D |       0 |    3756 |   0.0 |       0 |      30 |   0.0 |   956
               +---------+---------+-------+---------+---------+-------+---------
